 Dungeon Crawl Stone Soup version 0.28-a0-932-g843f935a50 (webtiles) character file.

Game seed: 15759717081439059483

9 ytrimaz the Skirmisher (level 2, 18/24 HPs)
             Began as a Demonspawn Fighter on Nov 28, 2021.
             Quit the game on level 1 of the Dungeon.
             The game lasted 00:00:27 (285 turns).

ytrimaz the Skirmisher (Demonspawn Fighter)          Turns: 285, Time: 00:00:28

Health: 18/24      AC:  6    Str: 16    XL:     2   Next: 6%
Magic:  2/2        EV:  9    Int:  9    God:
Gold:   15         SH:  4    Dex: 12    Spells: 1/1 levels left

rFire   . . .      SeeInvis .   a - +0 war axe
rCold   . . .      Faith    .   c - +0 buckler
rNeg    . . .      Spirit   .   b - +0 scale mail
rPois   .          Reflect  .   (no helmet)
rElec   .          Harm     .   (no cloak)
rCorr   .          Rampage  .   (no gloves)
Will    .....                   (no boots)
Stlth   ..........              (no amulet)
HPRegen 0.08/turn               (no ring)
MPRegen 0.08/turn               (no ring)

@: about to teleport
A: foul stench 1
a: no special abilities


You were on level 1 of the Dungeon.
You visited 1 branch of the dungeon, and saw 1 of its levels.

You collected 15 gold pieces.

Inventory:

Hand Weapons
 a - a +0 war axe (weapon)
Armour
 b - a +0 scale mail (worn)
 c - a +0 buckler (worn)
Potions
 d - a potion of might


   Skills:
 * Level 3.2 Fighting
 + Level 1.7 Axes
 * Level 2.9 Armour
 * Level 2.8 Shields


You had one spell level left.
You didn't know any spells.
Your spell library was empty.

Dungeon Overview and Level Annotations

Branches:
Dungeon (1/15)

Altars:


Innate Abilities, Weirdness & Mutations

You may rarely emit foul miasma when damaged in melee.


Message History

You barely miss the hobgoblin. The hobgoblin completely misses you.
The hobgoblin hits you.
You hit the hobgoblin but do no damage. You block the hobgoblin's attack.
You hit the hobgoblin.
The hobgoblin is almost dead.
The hobgoblin hits you. You block the hobgoblin's attack.
You slash the hobgoblin!
You kill the hobgoblin!
You see here a hobgoblin corpse.
HP restored.
A giant cockroach comes into view.
The hobgoblin shouts!
There are monsters nearby!
There are monsters nearby!
You barely miss the giant cockroach.
The giant cockroach completely misses you.
The giant cockroach bites you.
You hit the giant cockroach.
You kill the giant cockroach!
You have reached level 2!
Your demonic ancestry asserts itself...
You begin to emit a foul stench of rot and decay.
You see here a giant cockroach corpse.
You barely miss the hobgoblin. The hobgoblin closely misses you.
You closely miss the hobgoblin. The hobgoblin closely misses you.
A rat comes into view.
You barely miss the hobgoblin.
The hobgoblin hits you with a +0 club. x2
You slash the hobgoblin!
You kill the hobgoblin!
A rat is nearby!
A rat is nearby!
As you read the scroll labelled GEEGRER SAUMP, it crumbles to dust.
You feel strangely unstable.
It was a scroll of teleportation.
Unknown command.
Unknown command.
As you read the scroll labelled AZURGH XENOGIV, it crumbles to dust.
You assume a fearsome visage.
The rat looks frightened!
It was a scroll of fear.
Unknown command.
Are you sure you want to abandon this character and quit the game? (Confirm with "yes".)

........# #.######.#
..####### #.# #.#
..# #.# #.# ### #.#
.# #.## #..# ##.#
..######.# #.....@.#
#....)..# #.......#
..r....... .#
##............#
#.####.......#####.#
...............# .#
...............###.#
≈≈≈≈≈≈≈≈≈≈≈≈≈≈...#


You could see a rat (fleeing).

Vanquished Creatures
  2 bats (D:1)
  A giant cockroach (D:1)
  2 goblins (D:1)
  2 hobgoblins (D:1)
7 creatures vanquished.

Notes
Turn   | Place    | Note
-------+----------+-------------------------------------------
     0 | D:1      | ytrimaz the Demonspawn Fighter began the quest for the Orb.
     0 | D:1      | Reached XP level 1. HP: 18/18 MP: 1/1
   278 | D:1      | Gained mutation: You may rarely emit foul miasma when
                  | damaged in melee. [demonic ancestry]
   278 | D:1      | Reached XP level 2. HP: 22/24 MP: 2/2
   285 | D:1      | Quit the game

Illustrated notes

Levels and vault maps discovered:
D:1:      dpeg_arrival_castle, layout_basic

Action                   || total
-------------------------++-------
Melee: War axe           ||    19
  Use: Scroll            ||     2
Armor: Scale mail        ||     4
Dodge: Dodged            ||     8
Block: Buckler           ||     3

Table legend: (Time is in decaauts)
 A = Elapsed time spent in this place.
 B = Non-inter-level travel time spent in this place.
 C = Inter-level travel time spent in this place.
 D = Time resting spent in this place.
 E = Time spent auto-exploring this place.
 F = Levels seen in this place.
 G = Mean time per level.
                   A        B        C        D        E       F      G
               +--------+--------+--------+--------+--------+-----+--------+
         Total |    295 |    295 |      0 |      0 |    242 |   1 |  295.0 |
       Dungeon |    295 |    295 |      0 |      0 |    242 |   1 |  295.0 |
               +--------+--------+--------+--------+--------+-----+--------+

Top non-repeatable levels by time:
     D:1: 295 daAuts
